 Dungeon Crawl Stone Soup version 0.19.0-2-gae57169 (webtiles) character file.

8 Dustbunny the Grave Robber (level 2, 0/20 HPs)
             Began as a Ghoul Necromancer on Nov 4, 2016.
             Slain by a goblin (4 damage)
             ... on level 1 of the Dungeon.
             The game lasted 00:02:32 (692 turns).

Dustbunny the Grave Robber (Ghoul Necromancer)       Turns: 692, Time: 00:02:33

Health: 0/20       AC:  2    Str: 11    XL:     2   Next: 8%
Magic:  3/3        EV: 12    Int: 10    God:
Gold:   25         SH:  0    Dex:  9    Spells: 1 memorised, 3 levels left

rFire  . . .     SeeInvis .     e - +0 dagger
rCold  + . .     Gourm    .     a - +0 robe
rNeg   + + +     Faith    .     (no shield)
rPois  ∞         Spirit   .     (no helmet)
rElec  .         Reflect  .     (no cloak)
rCorr  .         Harm     .     (no gloves)
MR     .....                    (no boots)
Stlth  ++........               (no amulet)
                                (no ring)
                                (no ring)

@: rotting
A: rotting body, claws 1, carnivore 3, cold resistance 1, negative energy
resistance 3, slow regeneration 1, torment resistance, unbreathing
a: no special abilities


You were on level 1 of the Dungeon.
You were not hungry.

You visited 1 branch of the dungeon, and saw 1 of its levels.

You collected 25 gold pieces.

Inventory:

Hand Weapons
 e - a +0 dagger (weapon)
Missiles
 h - 19 sling bullets
Armour
 a - a +0 robe (worn)
Scrolls
 d - a scroll of recharging {unknown}
 f - a scroll of magic mapping {unknown}
Books
 b - a book of Necromancy

   Spells                             Type                      Level
   a - Pain                           Necromancy                   1
   b - Animate Skeleton               Necromancy                   1
   c - Vampiric Draining              Necromancy                   3
   d - Regeneration                   Charms/Necromancy            3
   e - Animate Dead                   Necromancy                   4
   f - Control Undead                 Necromancy                   4
Comestibles
 c - a meat ration
 g - a beef jerky


   Skills:
 + Level 0.1 Short Blades
 + Level 1.7 Dodging
 + Level 2.1 Stealth
 + Level 1.7 Spellcasting
 + Level 4.4 Necromancy


You had 3 spell levels left.
You knew the following spells:

 Your Spells              Type           Power        Failure   Level  Hunger
a - Pain                  Necr           #...         8%          1    ##.....


Dungeon Overview and Level Annotations

Branches:
Dungeon (1/15)

Altars:


Innate Abilities, Weirdness & Mutations

Your body is rotting away.
You thrive on raw meat.
You are immune to poison.
You have sharp fingernails.
You are carnivorous and can eat meat at any time.
Your flesh is cold resistant. (rC+)
You are immune to negative energy. (rN+++)
You regenerate slowly when monsters are visible.
You are immune to unholy pain and torment.
You can survive without breathing.


Message History

The hobgoblin hits you with a club.
You hit the hobgoblin but do no damage.
The hobgoblin is severely wounded.
The hobgoblin closely misses you.
You hit the hobgoblin but do no damage.
The hobgoblin is severely wounded.
The hobgoblin hits you with a club.
You hit the hobgoblin.
You kill the hobgoblin!
The worm bites you!
* * * LOW HITPOINT WARNING * * *
You see here a club.
A goblin comes into view.
Found a stone staircase leading down.
The goblin barely misses you. The goblin misses you.
You see here 21 stones.
Memorise Animate Skeleton, consuming 1 spell level and leaving 2?
The goblin hits you.
Your memorisation is interrupted.
You die...

#####........#############.#.#...
>................................
..########################.#.#...
................................>
#(#################......#.#.#...
#(# ######......#.#.#... #.#
#...........#.#.#### #†#
#...........#.#.# #.#
#..@g.....###.#.# #.# #.........#
#.#'#### ..##### #.........#
#......# ###...##
#.........###......# ##.###.# #
#######.....#......# #.##
#####.###....#.............# ..#
####..##.#(##.#......#.w....#
#.###...#####..##......(.........
##.##.##.#..#..##...............#


You could see a goblin.

Vanquished Creatures
  A goblin (D:1)
  A hobgoblin (D:1)
  2 kobolds (D:1)
  2 bats (D:1)
  2 rats (D:1)
8 creatures vanquished.

Notes
Turn   | Place    | Note
-------+----------+-------------------------------------------
     0 | D:1      | Dustbunny the Ghoul Necromancer began the quest for the Orb.
     0 | D:1      | Reached XP level 1. HP: 14/14 MP: 2/2
   576 | D:1      | Reached XP level 2. HP: 20/20 MP: 3/3
   692 | D:1      | Slain by a goblin

Action                   || total
-------------------------++-------
Melee: Dagger            ||    32
       Unarmed           ||     9
 Stab: Sleeping          ||     1
Armor: Robe              ||     8
Dodge: Dodged            ||    23
